 Dungeon Crawl Stone Soup version 0.27.1-3-gb3d3a73c9e (webtiles) character file.

Game seed: 3615105478262896862

337 ytrimaz the Conjurer (level 6, -3/36 HPs)
             Began as an Octopode Conjurer on Oct 30, 2021.
             Was an Initiate of Vehumet.
             Slain by an ice beast (4 damage)
             ... on level 4 of the Dungeon.
             The game lasted 00:05:50 (4024 turns).

ytrimaz the Conjurer (Octopode Conjurer)            Turns: 4024, Time: 00:05:50

Health: -3/36      AC:  1    Str:  7    XL:     6   Next: 54%
Magic:  19/30      EV: 13    Int: 22    God:    Vehumet [......]
Gold:   212        SH:  0    Dex: 10    Spells: 9/13 levels left

rFire    + . .     SeeInvis .   j - +1 dagger (drain)
rCold    . . .     Faith    .   (no shield)
rNeg     . . .     Spirit   .   (helmet restricted)
rPois    .         Reflect  .   (no amulet)
rElec    .         Harm     .   l - ring of magical power
rCorr    .         Rampage  .   k - +4 ring of slaying
Will     .....                  o - ring of protection from fire
Stlth    +++.......             p - ring of magical power
HPRegen  0.12/turn              (no ring)
MPRegen  0.22/turn              (no ring)
                                (no ring)
                                (no ring)

@: no status effects
A: almost no armour, amphibious, 8 rings, camouflage 1, gelatinous body 1,
(nimble swimmer 1), tentacles
a: Renounce Religion


You were on level 4 of the Dungeon.
You worshipped Vehumet.
Vehumet was noncommittal.
You visited 2 branches of the dungeon, and saw 5 of its levels.

You collected 212 gold pieces.

Inventory:

Hand Weapons
 j - a +1 dagger of draining (weapon)
Missiles
 f - 26 poisoned darts
Magical Staves
 h - a staff of air
Jewellery
 k - a +4 ring of slaying (right tentacle)
 l - a ring of magical power (left tentacle)
 o - a ring of protection from fire (on tentacle)
 p - a ring of magical power (on tentacle)
Scrolls
 a - 2 scrolls of identify
 n - 2 scrolls of enchant weapon
Potions
 b - a potion of berserk rage
 c - 2 potions of curing
 d - a potion of attraction
 e - a potion of brilliance {unknown}
 g - a potion of mutation {unknown}
 i - 2 potions of haste {unknown}
 m - a potion of flight {unknown}


   Skills:
 - Level 2.0 Dodging
 - Level 2.6 Stealth
 + Level 4.0 Spellcasting
 + Level 6.3 Conjurations
 - Level 1.0 Air Magic


You had 9 spell levels left.
You knew the following spells:

 Your Spells              Type           Power      Damage    Failure   Level
a - Magic Dart            Conj           100%       1d8       1%          1
b - Corona                Hex            4%         N/A       11%         1
c - Searing Ray           Conj           64%        3d5       1%          2

Your spell library contained the following spells:

 Spells                   Type           Power      Damage    Failure   Level
 Dazzling Flash           Conj/Hex       36%        N/A       9%          3
 Ensorcelled Hibernation  Hex/Ice        8%         N/A       17%         2
 Sublimation of Blood     Necr           2%         N/A       17%         2
 Fulminant Prism          Conj/Hex       9%         3d7       30%         4
 Iskenderun's Mystic Bla  Conj/Tloc      18%        2d6       30%         4
 Tukima's Dance           Hex            4%         N/A       32%         3
 Irradiate                Conj/Tmut      9%         3d17      63%         5
 Petrify                  Tmut/Erth      4%         N/A       73%         4


Dungeon Overview and Level Annotations

Branches:
Dungeon (4/15)             Temple (1/1) D:4

Altars:
Ashenzari
Cheibriados
Kikubaaqudgha
Ru
Trog
Uskayaw
Vehumet
Wu Jian
Zin
The Shining One
Lugonu

Shops:
D:1 [

Annotations:
D:4 2 runed translucent doors, Edmund


Innate Abilities, Weirdness & Mutations

You cannot wear most types of armour.
You are amphibious.
You can wear up to eight rings at the same time.
Your skin changes colour to match your surroundings (Stealth+).
Your rubbery body absorbs attacks. (AC +1, EV +1)
((You are camouflaged near water. (Stealth+)))
You have tentacles for arms and can constrict up to eight enemies at once.


Message History

You kill the goblin!
Vehumet accepts your kill.
The searing ray hits the ogre!
The ogre is severely wounded.
An ice beast comes into view.
Unknown command.
The searing ray hits the ogre!
You kill the ogre!
Vehumet accepts your kill.
You finish channeling your searing ray.
Your Spellcasting skill increases to level 4!
Unknown command.
Unknown command.
Casting: Searing Ray (safe; 1% risk of failure)
Confirm with . or Enter, or press ? or * to list all spells.
Aiming: Corona (safe; 11% risk of failure)
Press: ? - help, Shift-Dir - straight line, f - ice beast
Aim: an ice beast (chance to affect: 37%)
The ice beast resists with significant effort.
The ice beast misses you.
Casting: Corona (safe; 11% risk of failure)
Confirm with . or Enter, or press ? or * to list all spells.
Aiming: Searing Ray (safe; 1% risk of failure)
Press: ? - help, Shift-Dir - straight line, f/p - ice beast
Aim: an ice beast (81% to hit)
Okay, then.
Casting: Searing Ray (safe; 1% risk of failure)
Confirm with . or Enter, or press ? or * to list all spells.
Aiming: Searing Ray (safe; 1% risk of failure)
Press: ? - help, Shift-Dir - straight line, f/p - ice beast
Aim: an ice beast (81% to hit)
The searing ray hits the ice beast.
The ice beast is lightly wounded. (Press . to maintain the ray.)
The ice beast hits you. The ice beast freezes you!
* * * LOW HITPOINT WARNING * * *
The searing ray hits the ice beast.
The ice beast is moderately wounded.
The ice beast hits you.
You die...

.#...##...#....#.................
#..........#####.................
+###...........######'#######'##.
....'..........#......#...'....#.
....#(.........#......#...#>...#.
##..#.....(........#.###.###...#.
########...........#.###.###...##
.......#....######....#...#.....#
.......'...##).Y@##...#...#.....#
.......#...#.####.#.......#.....'
###..###...#g #.##........######
###..#.....#. ##.'รท##++##......#
.....#.....#. #####8l.8##.....#
.....'.....## #8....8#.....#
.....#......# #(....=#.....#
######......# #[....[#.#>..#
#.....###.## #8....8#.#####


You could see an ice beast.

Vanquished Creatures
  An ogre (D:4)
  A bullfrog (D:4)
  An iguana (D:4)
  An orc wizard (D:4)
  A hound skeleton (D:4)
  4 adders
  An adder skeleton (D:4)
  3 dart slugs (D:2)
  3 orcs
  8 endoplasms
  3 giant cockroaches
  7 goblins
  7 hobgoblins
  3 jackals (D:3)
  2 quokkas (D:4)
  9 ball pythons
  7 bats
  12 frilled lizards
  7 kobolds
  8 rats
89 creatures vanquished.

Vanquished Creatures (others)
  6 plants (D:2)
6 creatures vanquished.

Grand Total: 95 creatures vanquished

Notes
Turn   | Place    | Note
-------+----------+-------------------------------------------
     0 | D:1      | ytrimaz the Octopode Conjurer began the quest for the Orb.
     0 | D:1      | Reached XP level 1. HP: 11/11 MP: 3/3
    64 | D:1      | Found Roamu's Antique Armour Boutique.
   277 | D:1      | Reached XP level 2. HP: 17/17 MP: 0/5
   418 | D:1      | Found a faded altar of an unknown god.
  1173 | D:2      | Reached XP level 3. HP: 21/21 MP: 1/6
  1350 | D:2      | Reached skill level 1 in Air Magic
  1486 | D:2      | Learned a level 1 spell: Corona
  1511 | D:2      | Reached skill level 5 in Conjurations
  1715 | D:2      | Reached XP level 4. HP: 27/27 MP: 7/7
  2320 | D:3      | Found a hide-covered altar of Uskayaw.
  2965 | D:4      | Noticed Edmund
  2975 | D:3      | Learned a level 2 spell: Searing Ray
  3237 | D:4      | Reached XP level 5. HP: 30/31 MP: 9/9
  3360 | D:4      | Found a staircase to the Ecumenical Temple.
  3431 | Temple   | Entered the Ecumenical Temple
  3471 | Temple   | Became a worshipper of Vehumet
  3547 | D:4      | Found a sacrificial altar of Ru.
  3676 | D:4      | Reached skill level 6 in Conjurations
  3754 | D:4      | Found a large runed translucent door.
  3754 | D:4      | Found a large runed translucent door.
  3757 | D:4      | Noticed a wyvern
  3769 | D:4      | Reached XP level 6. HP: 28/36 MP: 11/11
  3874 | D:4      | Found an ancient bone altar of Kikubaaqudgha.
  4018 | D:4      | Noticed an ice beast
  4023 | D:4      | HP: 1/36 [ice beast (13)]
  4024 | D:4      | Slain by an ice beast

Illustrated notes

Levels and vault maps discovered:
D:1:      onia_arrival_handbag, layout_rooms, basic_ecumenical_altar,
          serial_shops, shop_coins
D:2:      layout_basic, minmay_lizard_king
D:3:      layout_loops_ring, nicolae_uskayaw_suspiria, minmay_statues_item,
          chequers_jeans
D:4:      layout_gridville, nicolae_ru_great_annihilating_truth,
          mainiacjoe_overflow_catwalk, minmay_temple_entry_antechambers,
          minivault_26, minmay_hollow_rounded_squares, uniq_edmund
Temple:   corrupted_temple

Skill      XL: |  1  2  3  4  5  6 |
---------------+-------------------+-----
Air Magic      | 1 |  1.0
Conjurations   | 5 6 |  6.3
Spellcasting   | 3 4 |  4.0
Dodging        | |  2.0
Stealth        | |  2.6

Action                   |  1- 3 |  4- 6 || total
-------------------------+-------+-------++-------
Melee: Unarmed           |     6 |       ||     6
       Tentacles         |     3 |       ||     3
       Staff             |     1 |       ||     1
       Dagger            |     9 |       ||     9
       Constrict         |     2 |       ||     2
 Cast: Magic Dart        |    71 |   106 ||   177
       Corona            |       |     2 ||     2
       Searing Ray       |       |     2 ||     2
  Use: Scroll            |       |     6 ||     6
Armor: Skin              |       |     1 ||     1
Dodge: Dodged            |    17 |    14 ||    31
